Workbook

Sheet Orçamento-  Joaquim
D1: OBJETO: CONTRATAÇÃO DE EMPRESA ESPECIALIZADA EM MÃO DE OBRA, COM FORNECIMENTO DE MATERIAIS, PARA REFORMA E AMPLIAÇÃO DE PRÉDIOS PÚBLICOS
D3: CEMEI “Joaquim Pires de Toledo”: Rodovia Alkindar Monteiro Junqueira, Km 32, Bairro dos Pires
D4: PMSP 07/2026 CDHU boletim 203 SINAPI 08/26
A6: ITEM | B6: FONTE | C6: CÓDIGO | D6: Serviço | E6: unid. | F6: QUANT. | G6: VALOR | H6: BDI | I6: Valores Parciais dos Serviços
H7: 0.23
H8: 0 | K8: Memoria de Calculo
A9: 1.0 | B9: SERVIÇOS PRELIMINARES | I9: =ROUND((I10+I18),2) -> 61558.99
A10: 1.1 | B10: CANTEIRO DE OBRAS | I10: =ROUND(SUM(I11:I16),2) -> 46481.6
A11: 1.1.1 | B11: PMSP EDIF | C11: 17030002 | D11: Placa de obra em chapa de aço galvanizado | E11: m² | F11: 6 | G11: 408.42 | H11: =G11 -> 408.42 | I11: =ROUND((H11*F11),2) -> 2450.52 | K11: Conforme arte padrão fornecida pela Secretaria de Educação
A12: 1.1.2 | B12: CDHU | C12: 02.02.150 | D12: Locação de container tipo depósito - área mínima de 13,80 m² | E12: un x mês | F12: 8 | G12: 1004.37 | H12: =G12*$H$7+G12 -> 1235.3751 | I12: =ROUND((H12*F12),2) -> 9883 | K12: Considerado 1 depósito para o prazo da obra
A13: 1.1.3 | B13: CDHU | C13: 02.02.130 | D13: Locação de container tipo escritório com 1 vaso sanitário, 1 lavatório e 1 ponto para chuveiro - área mínima de 13,80 m² | E13: un x mês | F13: 8 | G13: 1553.18 | H13: =G13*$H$7+G13 -> 1910.4114 | I13: =ROUND((H13*F13),2) -> 15283.29 | K13: Considerado 1 contâiner para o prazo da obra
A14: 1.1.4 | B14: CDHU | C14: 01.21.010 | D14: Taxa de mobilização e desmobilização de equipamentos para execução de sondagem | E14: tx | F14: 1 | G14: 1458.93 | H14: =G14*$H$7+G14 -> 1794.4839 | I14: =ROUND((H14*F14),2) -> 1794.48 | K14: Considerado 1 taxa
A15: 1.1.5 | B15: CDHU | C15: 01.21.110 | D15: Sondagem do terreno à percussão (mínimo de 30 m) | E15: m | F15: 30 | G15: 97.11 | H15: =G15*$H$7+G15 -> 119.4453 | I15: =ROUND((H15*F15),2) -> 3583.36 | K15: Considerado uma perfuração
A16: 1.1.6 | B16: CDHU | C16: 02.03.110 | D16: Tapume móvel para fechamento de áreas | E16: M2 | F16: 100 | G16: 109.65 | H16: =G16*$H$7+G16 -> 134.8695 | I16: =ROUND((H16*F16),2) -> 13486.95 | K16: Destinado ao isolamento da área da obra
A18: 1.2 | B18: PROJETOS | I18: =ROUND(SUM(I19:I22),2) -> 15077.39
A19: 1.2.1 | B19: CDHU | C19: 01.17.051 | D19: Projeto executivo de estrutura em formato a1 | E19: un | F19: 2 | G19: 2608.72 | H19: =G19*$H$7+G19 -> 3208.7256 | I19: =ROUND(H19*F19,2) -> 6417.45 | K19: Considerado 1 para infraestrutura e 1 para superestrutura
A20: 1.2.2 | B20: CDHU | C20: 01.17.031 | D20: Projeto executivo de arquitetura em formato a1 | E20: un | F20: 1 | G20: 3557.12 | H20: =G20*$H$7+G20 -> 4375.2576 | I20: =ROUND(H20*F20,2) -> 4375.26 | K20: Considerado 1 para coberturas
A21: 1.2.3 | B21: CDHU | C21: 01.17.071 | D21: Projeto executivo de instalações hidráulicas em formato a1 | E21: un | F21: 2 | G21: 1119.92 | H21: =G21*$H$7+G21 -> 1377.5016 | I21: =ROUND(H21*F21,2) -> 2755 | K21: Considerado 1 para água fria 1 para esgoto
A22: 1.2.4 | B22: CDHU | C22: 01.17.111 | D22: Projeto executivo de instalações elétricas em formato a1 | E22: un | F22: 1 | G22: 1243.64 | H22: =G22*$H$7+G22 -> 1529.6772 | I22: =ROUND(H22*F22,2) -> 1529.68 | K22: Considerado 1 para baixa tensão
A24: 2.0 | B24: DEMOLIÇÕES | I24: =ROUND(SUM(I25+I29),2) -> 2124.07
A25: 2.1 | B25: ALVENARIA E REVESTIMENTOS | I25: =ROUND(SUM(I26:I27),2) -> 882.46
A26: 2.1.1 | B26: CDHU | C26: 04.09.160 | D26: Retirada de entelamento metálico em geral | E26: m² | F26: 60 | G26: 4.71 | H26: =G26*$H$7+G26 -> 5.7933 | I26: =F26*H26 -> 347.598 | K26: Retirada de alambrado existente
A27: 2.1.2 | B27: CDHU | C27: 04.09.140 | D27: Retirada de poste ou sistema de sustentação para alambrado ou fechamento | E27: un | F27: 15 | G27: 28.99 | H27: =G27*$H$7+G27 -> 35.6577 | I27: =F27*H27 -> 534.8655 | K27: Retirada de alambrado existente
A29: 2.2 | B29: TRANSPORTE E DESCARTE DE ENTULHO | I29: =ROUND(SUM(I30),2) -> 1241.61
A30: 2.2.1 | B30: PMSP EDIF | C30: 10107 | D30: Remoção de entulho com caçamba metálica, inclusive carga manual e descarga em bota-fora | E30: m³ | F30: 6 | G30: 168.24 | H30: =G30*$H$7+G30 -> 206.9352 | I30: =H30*F30 -> 1241.6112 | K30: Quantidade estimada
A32: 3.0 | B32: ESTRUTURA | I32: =ROUND(SUM(I33+I48),2) -> 299060.38
A33: 3.1 | B33: INFRAESTRUTURA – RADIER | I33: =ROUND(SUM(I34:I46),2) -> 137730.4
A34: 3.1.1 | B34: CDHU | C34: 02.10.020 | D34: Locação de obra de edificação | E34: M2 | F34: 320.32 | G34: 18.22 | H34: =G34*$H$7+G34 -> 22.4106 | I34: =ROUND((H34*F34),2) -> 7178.56 | K34: Área construída ampliada
A35: 3.1.2 | B35: CDHU | C35: 02.09.040 | D35: Limpeza mecanizada do terreno, inclusive troncos até 15 cm de diâmetro, com caminhão à disposição dentro e fora da obra, com transporte no raio de até 1 km | E35: M2 | F35: 422.84 | G35: 5.8 | H35: =G35*$H$7+G35 -> 7.134 | I35: =ROUND((H35*F35),2) -> 3016.54 | K35: Área total ampliada
A36: 3.1.3 | B36: CDHU | C36: 06.01.020 | D36: Escavação manual em solo de 1ª e 2ª categoria em campo aberto | E36: M3 | F36: 64.07 | G36: 55.75 | H36: =G36*$H$7+G36 -> 68.5725 | I36: =ROUND((H36*F36),2) -> 4393.44 | K36: Escavação para radier: 0,20 x 320,32 = 64,07 m³
A37: 3.1.4 | B37: CDHU | C37: 54.01.010 | D37: Regularização e compactação mecanizada de superfície, sem controle do proctor normal | E37: M2 | F37: 320.32 | G37: 3.8 | H37: =G37*$H$7+G37 -> 4.674 | I37: =ROUND((H37*F37),2) -> 1497.18 | K37: Área total ampliada radier
A38: 3.1.5 | B38: CDHU | C38: 11.18.040 | D38: Lastro de pedra britada | E38: m3 | F38: 25.63 | G38: 221.72 | H38: =G38*$H$7+G38 -> 272.7156 | I38: =ROUND((H38*F38),2) -> 6989.7 | K38: Área total ampliada: 320,32 m² x 0,08 m = 22,02 m³
A39: 3.1.6 | B39: CDHU | C39: 32.20.066 | D39: Lona plástica em polietileno, 150 micras, para camada separadora de piso/pavimento | E39: M2 | F39: 422.84 | G39: 1.96 | H39: =G39*$H$7+G39 -> 2.4108 | I39: =ROUND((H39*F39),2) -> 1019.38 | K39: Área total ampliada + calçada externa
A40: 3.1.7 | B40: PMSP EDIF | C40: 2003001 | D40: Forma comum de tábuas de pinus | E40: m2 | F40: 18.84 | G40: 89.78 | H40: =G40*$H$7+G40 -> 110.4294 | I40: =ROUND((H40*F40),2) -> 2080.49 | K40: Considerado 94,20 ml x 0,20 m = 18,84 m²
A41: 3.1.8 | B41: CDHU | C41: 10.01.040 | D41: Armadura em barra de aço CA-50 (A ou B) fyk = 500 MPa | E41: kg | F41: 370.22 | G41: 10.18 | H41: =G41*$H$7+G41 -> 12.5214 | I41: =ROUND((H41*F41),2) -> 4635.67 | K41: Quantidade estimada para estrutura complementar, 30% do valor total da armadura
A42: 3.1.9 | B42: CDHU | C42: 10.02.020 | D42: Armadura em tela soldada de aço | E42: kg | F42: 2306.3 | G42: 9.89 | H42: =G42*$H$7+G42 -> 12.1647 | I42: =ROUND((H42*F42),2) -> 28055.45 | K42: Considera-se 7,20 kg/m², portanto temos 320,32 x 7,20 = 2306,30 Kg
A43: 3.1.10 | B43: CDHU | C43: 11.01.130 | D43: Concreto usinado, fck = 25 MPa | E43: m3 | F43: =64.07+5.93 -> 70 | G43: 546.68 | H43: =G43*$H$7+G43 -> 672.4164 | I43: =ROUND((H43*F43),2) -> 47069.15 | K43: Concreto radier: 320,32 m² x 0,20 m = 64,07 m³ Calçada: 74,08 x 0,08 = 5,93 m³
A44: 3.1.11 | B44: CDHU | C44: 54.08.001 | D44: Nivelamento e regularização de superfície e desempeno mecânico através de régua vibratória de pavimento em concreto | E44: M2 | F44: 320.32 | G44: 0.56 | H44: =G44*$H$7+G44 -> 0.6888 | I44: =ROUND((H44*F44),2) -> 220.64 | K44: Área total ampliada
A45: 3.1.12 | B45: CDHU | C45: 54.08.005 | D45: Agente de cura química, retardador de evaporação, em pavimento de concreto | E45: m² | F45: 320.32 | G45: 3.58 | H45: =G45*$H$7+G45 -> 4.4034 | I45: =ROUND((H45*F45),2) -> 1410.5 | K45: Área total ampliada
A46: 3.1.13 | B46: CDHU | C46: 32.08.070 | D46: Junta estrutural com perfil elastomérico para fissuras, painéis e estruturas em geral, movimentação máxima 15 mm | E46: M | F46: 176.3 | G46: 139.1 | H46: =G46*$H$7+G46 -> 171.093 | I46: =ROUND((H46*F46),2) -> 30163.7 | K46: Considerado malha de 3 x 3 m
A48: 3.2 | B48: SUPERESTRUTURA | I48: =ROUND(SUM(I49:I54),2) -> 161329.98
A49: 3.2.1 | B49: CDHU | C49: 09.01.030 | D49: Forma em madeira comum para estrutura | E49: m2 | F49: =98.4+86.88 -> 185.28 | G49: 258.37 | H49: =G49*$H$7+G49 -> 317.7951 | I49: =ROUND((H49*F49),2) -> 58881.08 | K49: 41 pilares de 0,20 x 3,00 x 4 = 98,40 m² + viga sendo 108,60 x 0,30 x 2 + 108,60 x 0,20 = 86,88 m²
A50: 3.2.2 | B50: CDHU | C50: 10.01.040 | D50: Armadura em barra de aço CA-50 (A ou B) fyk = 500 MPa | E50: kg | F50: 1147 | G50: 10.18 | H50: =G50*$H$7+G50 -> 12.5214 | I50: =ROUND((H50*F50),2) -> 14362.05 | K50: Volume total pilares 41 x 0,20 x 0,20 x 3,00 = 4,95 m³ + vigas 108,60 x 0,20 x 0,30 = 6,52 m³, portanto 11,47 m³, sendo 100Kg por m³ temos 1.147,00 Kg
A51: 3.2.3 | B51: CDHU | C51: 11.01.160 | D51: Concreto usinado, fck = 30 MPa | E51: M3 | F51: 11.47 | G51: 572.72 | H51: =G51*$H$7+G51 -> 704.4456 | I51: =ROUND((H51*F51),2) -> 8079.99 | K51: Volume total pilares 41 x 0,20 x 0,20 x 3,00 = 4,95 m³ + vigas 108,60 x 0,20 x 0,30 = 6,52 m³, portanto 11,47 m³
A52: 3.2.5 | B52: CDHU | C52: 13.01.340 | D52: Laje pré-fabricada unidirecional em viga treliçada/lajota em EPS LT 25 (20 + 5), com capa de concreto de 25 MPa | E52: m2 | F52: 196.54 | G52: 273.62 | H52: =G52*$H$7+G52 -> 336.5526 | I52: =F52*H52 -> 66146.048 | K52: Área de laje: 196,54 m²
A53: 3.2.6 | B53: CDHU | C53: 10.02.020 | D53: Armadura em tela soldada de aço | E53: kg | F53: 290.88 | G53: 9.89 | H53: =G53*$H$7+G53 -> 12.1647 | I53: =ROUND((H53*F53),2) -> 3538.47 | K53: Considera-se: 1,48 Kg/m², portanto temos 196,54 m² x 1,48 Kg, logo 290,88 Kg
A54: 3.2.7 | B54: CDHU | C54: 14.20.010 | D54: Vergas, contravergas e pilaretes de concreto armado | E54: M3 | F54: 4.37 | G54: 1920.4 | H54: =G54*$H$7+G54 -> 2362.092 | I54: =F54*H54 -> 10322.342 | K54: Execução em esquadrias : 109,10 ml x 0,20 x 0,20 = 4,37 m³
A56: 4.0 | B56: ALVENARIA | I56: =ROUND(SUM(I57:I59),2) -> 76218.27
A57: 4.1 | B57: CDHU | C57: 14.10.111 | D57: Alvenaria de bloco de concreto de vedação de 14 cm - classe C | E57: m2 | F57: 436.25 | G57: 102.77 | H57: =G57*$H$7+G57 -> 126.4071 | I57: =ROUND((H57*F57),2) -> 55145.1 | K57: Conforme projeto, temos 68,53 ml x 3,00 mh = 205,59 m² + 110,77 (corredor) x 2 = 221,54 m² + 17,19 m² de frontão + 1,90 x 4 x 1,20 = 9,12 m² para o abrigo da caixa d’água, portanto 436,25 m²
A58: 4.2 | B58: PMSP EDIF | C58: 4002006 | D58: Alvenaria de vedação com elemento vazado de concreto - cobogó de 39x39x10 cm | E58: M2 | F58: 45.9 | G58: 259.63 | H58: =G58*$H$7+G58 -> 319.3449 | I58: =ROUND((H58*F58),2) -> 14657.93 | K58: Considerado 2 x 15,30m de extensão, com faixa de altura estimada em 1,50 m
A59: 4.3 | B59: CDHU | C59: 11.05.040 | D59: Argamassa graute | E59: m3 | F59: 10.8 | G59: 482.93 | H59: =G59*$H$7+G59 -> 594.0039 | I59: =ROUND((H59*F59),2) -> 6415.24 | K59: Estimado 8,09m³ (coef. 0,025m³/m²)
A61: 5.0 | B61: COBERTURA | I61: =ROUND(SUM(I62:I65),2) -> 287912.95
A62: 5.1 | B62: CDHU | C62: 15.03.030 | D62: Fornecimento e montagem de estrutura em aço ASTM-A36, sem pintura | E62: kg | F62: 4724.91 | G62: 29.93 | H62: =G62*$H$7+G62 -> 36.8139 | I62: =F62*H62 -> 173942.36 | K62: Considera-se 9,68 Kg/m², portanto: Construção principal: 488, x 9,68 = 4.724,91 Kg, incluso 88 unidades de Chumbador mecânico tipo Parabolt (Cunha) de aço carbono, bitola \(3/8'' \times 4''\). e 22 unidades de Placa de base quadrada em aço ASTM A36, na medida \(200 mmx200mmx 6,35(1/4''), com 4 furos de diâm de 12mm
A63: 5.2 | B63: CDHU | C63: 16.13.130 | D63: Telhamento em chapa de aço pré-pintada, tipo sanduíche, espessura de 0,50mm, com poliestireno expandido | E63: m2 | F63: 488.11 | G63: 147.48 | H63: =G63*$H$7+G63 -> 181.4004 | I63: =F63*H63 -> 88543.349 | K63: Construção ampliada: 287,73 + 10% = 316,50 m²
A64: 5.3 | B64: CDHU | C64: 16.33.052 | D64: Calha, rufo, afins em chapa galvanizada nº 24 - corte 0,50 m | E64: m | F64: =43+18.6+18.6+6+16.9+7.6 -> 110.7 | G64: 161.68 | H64: =G64*$H$7+G64 -> 198.8664 | I64: =F64*H64 -> 22014.51 | K64: Calha: um segmento de 43,00 m e dois segmentos de 18,60 m de calha. Um segmento de 6,00m de rufo para ligação entre prédios Quatro segmentos de rufo ao redor do abrigo da caixa d’água: 7,60 m. Rufo no prédio existente: 16,90 m.
A65: 5.4 | B65: CDHU | C65: 16.12.200 | D65: Cumeeira em chapa de aço pré-pintada, perfil trapezoidal, com espessura de 0,50mm | E65: m | F65: 32.3 | G65: 85.9 | H65: =G65*$H$7+G65 -> 105.657 | I65: =F65*H65 -> 3412.7211 | K65: Construção ampliada: 32,30 m
A67: 6.0 | B67: REVESTIMENTOS | I67: =ROUND(SUM(I68+I73+I80),2) -> 81758.14
A68: 6.1 | B68: REVESTIMENTO DE TETO | I68: =ROUND(SUM(I69:I71),2) -> 6540.54
A69: 6.1.1 | B69: CDHU | C69: 17.02.020 | D69: Chapisco | E69: m2 | F69: 100.52 | G69: 7.89 | H69: =G69*$H$7+G69 -> 9.7047 | I69: =ROUND((H69*F69),2) -> 975.52 | K69: Conforme projeto, área da laje: 100,52 m²
A70: 6.1.2 | B70: CDHU | C70: 17.02.140 | D70: Emboço desempenado com espuma de poliéster | E70: m2 | F70: 100.52 | G70: 30.5 | H70: =G70*$H$7+G70 -> 37.515 | I70: =ROUND((H70*F70),2) -> 3771.01 | K70: Conforme projeto, área da laje: 100,52 m²
A71: 6.1.3 | B71: CDHU | C71: 17.02.220 | D71: Reboco | E71: m2 | F71: 100.52 | G71: 14.51 | H71: =G71*$H$7+G71 -> 17.8473 | I71: =ROUND((H71*F71),2) -> 1794.01 | K71: Conforme projeto, área da laje: 100,52 m²
A73: 6.2 | B73: REVESTIMENTO DE PAREDES | I73: =ROUND(SUM(I74:I78),2) -> 48297.34
A74: 6.2.1 | B74: CDHU | C74: 17.02.020 | D74: Chapisco | E74: m2 | F74: =391.02+48 -> 439.02 | G74: 7.89 | H74: =G74*$H$7+G74 -> 9.7047 | I74: =ROUND((H74*F74),2) -> 4260.56 | K74: Conforme área de alvenaria externa indicada no projeto: 439,02 m²
A75: 6.2.2 | B75: CDHU | C75: 17.02.120 | D75: Emboço comum | E75: m2 | F75: =391.02+48 -> 439.02 | G75: 25.07 | H75: =G75*$H$7+G75 -> 30.8361 | I75: =ROUND((H75*F75),2) -> 13537.66 | K75: Conforme área de alvenaria externa indicada no projeto: 439,02 m²
A76: 6.2.3 | B76: CDHU | C76: 17.02.220 | D76: Reboco | E76: m2 | F76: 391.02 | G76: 14.51 | H76: =G76*$H$7+G76 -> 17.8473 | I76: =ROUND((H76*F76),2) -> 6978.65 | K76: Conforme área de alvenaria externa indicada no projeto: 391,02 m²
A77: 6.2.4 | B77: CDHU | C77: 17.04.040 | D77: Revestimento em gesso liso desempenado sobre bloco | E77: m2 | F77: 373.7 | G77: 23.79 | H77: =G77*$H$7+G77 -> 29.2617 | I77: =ROUND((H77*F77),2) -> 10935.1 | K77: Conforme área de alvenaria interna indicada no projeto: 373,70 m²
A78: 6.2.5 | B78: CDHU | C78: 18.06.102 | D78: Placa cerâmica esmaltada PEI-5 para área interna, grupo de absorção BIIb, resistência química B, assentado com argamassa colante industrializada | E78: m2 | F78: 207 | G78: 49.43 | H78: =G78*$H$7+G78 -> 60.7989 | I78: =ROUND((H78*F78),2) -> 12585.37 | K78: Conforme projeto: (5,40 + 10,40 + 5,00 + 5,00 + 5,60 + 5,60) x 3,00 + (24 x 1,00 x 4) = 207,00 m²
A80: 6.3 | B80: REVESTIMENTO DE PISOS | I80: =ROUND(SUM(I81:I83),2) -> 26920.26
A81: 6.3.1 | B81: CDHU | C81: 18.06.102 | D81: Placa cerâmica esmaltada PEI-5 para área interna, grupo de absorção BIIb, resistência química B, assentado com argamassa colante industrializada | E81: m2 | F81: 178.22 | G81: 49.43 | H81: =G81*$H$7+G81 -> 60.7989 | I81: =ROUND((H81*F81),2) -> 10835.58 | K81: Salas de aula, sanitários e sala dos professores: 178,22 m²
A82: 6.3.2 | B82: CDHU | C82: 18.06.103 | D82: Rodapé em placa cerâmica esmaltada PEI-5 para área interna, grupo de absorção BIIb, resistência química B, assentado com argamassa colante industrializada | E82: m | F82: 150.1 | G82: 6.69 | H82: =G82*$H$7+G82 -> 8.2287 | I82: =ROUND((H82*F82),2) -> 1235.13 | K82: Conforme projeto: 150,10 m
A83: 6.3.3 | B83: SINAPI | C83: 104162 | D83: Piso em granilite, marmorite ou granitina em ambientes internos, com espessura de 8 mm, incluso mistura em betoneira, colocação das juntas, aplicação do piso, 4 polimentos com politriz, estucamento, selador e cera. af_06/2022 | E83: m2 | F83: 104.04 | G83: 116.04 | H83: =G83*$H$7+G83 -> 142.7292 | I83: =F83*H83 -> 14849.546 | K83: Conforme projeto: 104,04 m²
A85: 7.0 | B85: MARCENARIA | I85: =ROUND(SUM(I86),2) -> 15026.37
A86: 7.1 | B86: CDHU | C86: 23.02.040 | D86: Porta macho e fêmea com batente de madeira - 80 x 210 cm | E86: un | F86: 8 | G86: 1527.07 | H86: =G86*$H$7+G86 -> 1878.2961 | I86: =F86*H86 -> 15026.369 | K86: Conforme projeto
A88: 8.0 | B88: SERRALHERIA | I88: =ROUND(SUM(I89:I92),2) -> 41696.99
A89: 8.1 | B89: CDHU | C89: 25.01.030 | D89: Caixilho basculante em aluminio anodizado com vidro - linha comercial | E89: M2 | F89: 2.4 | G89: 467.1 | H89: =G89*$H$7+G89 -> 574.533 | I89: =F89*H89 -> 1378.8792 | K89: Conforme projeto, temos: 0,80 x 1,00 x 3 = 2,40 m²
A90: 8.2 | B90: CDHU | C90: 25.01.070 | D90: Caixilho de correr em alumínio anodizado, sob medida | E90: M2 | F90: =30+2.5 -> 32.5 | G90: 340.89 | H90: =G90*$H$7+G90 -> 419.2947 | I90: =F90*H90 -> 13627.078 | K90: Conforme projeto, temos: 2,50 x 1,50 x 8 = 30,00 m² 2,50 x 1,00 = 2,50 m²
A91: 8.3 | B91: CDHU | C91: 25.02.050 | D91: Porta veneziana de abrir em alumínio - cor branca | E91: m2 | F91: =2.94+1.68+12.6 -> 17.22 | G91: 444.65 | H91: =G91*$H$7+G91 -> 546.9195 | I91: =F91*H91 -> 9417.9538 | K91: Conforme projeto, temos: Duas portas nos sanitários, sendo 0,70 x 2,10 x 2 = 2,94 m² Uma porta para o depósito, sendo 0,80 x 2,10 = 1,68 m² Duas portas de abrir para os parques e uma para o corredor, sendo 2,00 x 2,10 x 3 = 12,60 m²
A92: 8.4 | B92: PMSP EDIF | C92: 17001091 | D92: Gradil de ferro galvanizado eletrofundido - barra 25x2mm - malha 65x132mm - montante com distância de 1650mm - com pintura | E92: m² | F92: =37.4+3.24 -> 40.64 | G92: 345.55 | H92: =G92*$H$7+G92 -> 425.0265 | I92: =F92*H92 -> 17273.077 | K92: Conforme projeto, temos: 5,50 x 1,70 x 4 = 37,40 m² 2,70 x 1,20 = 3,24 m²
A94: 9.0 | B94: COMPONENTES | I94: =ROUND(SUM(I95:I99),2) -> 21631.84
A95: 9.1 | B95: CDHU | C95: 44.02.062 | D95: Tampo/bancada em granito, com frontão, espessura de 2 cm, acabamento polido | E95: m² | F95: =0.7++0.75 -> 1.45 | G95: 1067.25 | H95: =G95*$H$7+G95 -> 1312.7175 | I95: =F95*H95 -> 1903.4404 | K95: Tampo para a pia da sala dos professores: 1,40 x 0,50 = 0,70 m² Tampo para os sanitários dos alunos: 1,50 x 0,50 = 0,75 m²
A96: 9.2 | B96: CDHU | C96: 44.04.030 | D96: Prateleira em granito com espessura de 2 cm | E96: m² | F96: 11.79 | G96: 643.54 | H96: =G96*$H$7+G96 -> 791.5542 | I96: =F96*H96 -> 9332.424 | K96: Considerado: Duas prateleiras por sala, no total 8 prateleiras, com dimensões de 4,50 x 0,30 Duas prateleiras no depósito, com dimensões de 2,20 x 0,45
A97: 9.3 | B97: CDHU | C97: 44.06.310 | D97: Cuba em aço inoxidável simples de 465x300x140mm | E97: un | F97: 1 | G97: 305.28 | H97: =G97*$H$7+G97 -> 375.4944 | I97: =F97*H97 -> 375.4944 | K97: Para instalação na sala dos professores
A98: 9.4 | B98: CDHU | C98: 23.08.170 | D98: Lousa em laminado melamínico, branco - linha comercial | E98: M2 | F98: 20 | G98: 308.75 | H98: =G98*$H$7+G98 -> 379.7625 | I98: =F98*H98 -> 7595.25 | K98: Considerado quatro lousas nas medidas 1,00 x 5,00
A99: 9.5 | B99: PMSP EDIF | C99: 10013071 | D99: Bebedouro elétrico com sistema de refrigeração e duas saídas - 80l | E99: UN | F99: 1 | G99: 1971.73 | H99: =G99*$H$7+G99 -> 2425.2279 | I99: =F99*H99 -> 2425.2279 | K99: Considerado uma unidade
A101: 10. | B101: HIDRÁULICA | I101: =ROUND(SUM(I102+I106+I110+I116),2) -> 20510.49
A102: 10.1 | B102: REDE DE AGUA FRIA | I102: =ROUND(SUM(I103:I104),2) -> 7661.33
A103: 10.1.1 | B103: CDHU | C103: 46.01.020 | D103: Tubo de PVC rígido soldável marrom, DN= 25 mm, (3/4´), inclusive conexões | E103: m | F103: 150 | G103: 34.52 | H103: =G103*$H$7+G103 -> 42.4596 | I103: =ROUND((H103*F103),2) -> 6368.94 | K103: Quantidade estimada
A104: 10.1.2 | B104: CDHU | C104: 48.02.400 | D104: Reservatório em polietileno com tampa de rosca - capacidade de 1.000 litros | E104: un | F104: 1 | G104: 1050.72 | H104: =G104*$H$7+G104 -> 1292.3856 | I104: =ROUND((H104*F104),2) -> 1292.39 | K104: Considerado uma unidade
A106: 10.2 | B106: REDE DE ESGOTO | I106: =ROUND(SUM(I107:I108),2) -> 5641
A107: 10.2.1 | B107: CDHU | C107: 46.02.070 | D107: Tubo de pvc rígido branco pxb com virola e anel de borracha, linha esgoto série normal, dn= 100 mm, inclusive conexões | E107: m | F107: 50 | G107: 88.18 | H107: =G107*$H$7+G107 -> 108.4614 | I107: =F107*H107 -> 5423.07 | K107: Quantidade estimada
A108: 10.2.2 | B108: PMSP EDIF | C108: 10010001 | D108: Ralo seco de pvc rígido, com saída soldada de 40mm - diâmetro 100mm | E108: UN | F108: 3 | G108: 59.06 | H108: =G108*$H$7+G108 -> 72.6438 | I108: =F108*H108 -> 217.9314 | K108: Quantidade estimada
A110: 10.3 | B110: LOUÇAS SANITÁRIAS E PEÇAS METÁLICAS | I110: =ROUND(SUM(I111:I114),2) -> 4262.85
A111: 10.3.1 | B111: PMSP EDIF | C111: 10013004 | D111: Bacia sanitária infantil sifonada, de louça branca | E111: UN | F111: 4 | G111: 603.72 | H111: =G111*$H$7+G111 -> 742.5756 | I111: =ROUND((H111*F111),2) -> 2970.3 | K111: Conforme projeto
A112: 10.3.2 | B112: CDHU | C112: 44.01.100 | D112: Lavatório de louça sem coluna | E112: UN | F112: 3 | G112: 178.06 | H112: =G112*$H$7+G112 -> 219.0138 | I112: =ROUND((H112*F112),2) -> 657.04 | K112: Conforme projeto
A113: 10.3.3 | B113: CDHU | C113: 44.01.850 | D113: Cuba de louça de embutir redonda | E113: UN | F113: 2 | G113: 145.45 | H113: =G113*$H$7+G113 -> 178.9035 | I113: =ROUND((H113*F113),2) -> 357.81 | K113: Conforme projeto
A114: 10.3.4 | B114: CDHU | C114: 44.03.590 | D114: Torneira de mesa para pia com bica móvel e arejador em latão fundido cromado | E114: UN | F114: 1 | G114: 225.77 | H114: =G114*$H$7+G114 -> 277.6971 | I114: =ROUND((H114*F114),2) -> 277.7 | K114: Conforme projeto
A116: 10.4 | B116: REDE DE ÁGUA PLUVIAL | I116: =ROUND(SUM(I117),2) -> 2945.31
A117: 10.4.3 | B117: PMSP EDIF | C117: 10012017 | D117: Condutor em tubo de pvc rígido, ponta e bolsa - 150mm (6") | E117: M | F117: 28 | G117: 85.52 | H117: =G117*$H$7+G117 -> 105.1896 | I117: =ROUND((H117*F117),2) -> 2945.31 | K117: Quantidade estimada
A119: 11.0 | B119: ELÉTRICA | I119: =ROUND(SUM(I120+I133),2) -> 36370.37
A120: 11.2 | B120: REDE DE BAIXA TENSÃO | I120: =ROUND(SUM(I121:I131),2) -> 22505.35
...

Sheet Cronograma - Joaquim
C1: CRONOGRAMA FÍSICO / FINANCEIRO
C3: OBJETO: CONTRATAÇÃO DE EMPRESA ESPECIALIZADA EM MÃO DE OBRA, COM FORNECIMENTO DE MATERIAIS, PARA REFORMA E AMPLIAÇÃO DE PRÉDIOS PÚBLICOS
A5: CEMEI “JOAQUIM PIRES DE TOLEDO”
A6: ITEM | B6: DISCRIMINAÇÃO | C6: TOTAL DO ITEM | D6: Primeiro | E6: Segundo | F6: Terceiro | G6: Quarto | H6: Quinto | I6: Sexto | J6: Sétimo | K6: Oitavo
C7: ( % / R$ ) | D7: Mês | E7: Mês | F7: Mês | G7: Mês | H7: Mês | I7: Mês | J7: Mês | K7: Mês
A8: 1 | B8: ='Orçamento- Joaquim'!B9 -> SERVIÇOS PRELIMINARES | C8: =C10/$C$48 -> 0.060427551 | D8: 0.3 | E8: 0.1 | F8: 0.1 | G8: 0.1 | H8: 0.1 | I8: 0.1 | J8: 0.1 | K8: 0.1
C10: ='Orçamento- Joaquim'!I9 -> 61558.99 | D10: =D8*$C$10 -> 18467.697 | E10: =E8*$C$10 -> 6155.899 | F10: =F8*$C$10 -> 6155.899 | G10: =G8*$C$10 -> 6155.899 | H10: =H8*$C$10 -> 6155.899 | I10: =I8*$C$10 -> 6155.899 | J10: =J8*$C$10 -> 6155.899 | K10: =K8*$C$10 -> 6155.899
A11: 2 | B11: ='Orçamento- Joaquim'!B24 -> DEMOLIÇÕES | C11: =C13/$C$48 -> 0.0020850301 | D11: 1
C13: ='Orçamento- Joaquim'!I24 -> 2124.07 | D13: =C13 -> 2124.07
A14: 3 | B14: ='Orçamento- Joaquim'!B32 -> ESTRUTURA | C14: =C16/$C$48 -> 0.29356372 | D14: 0.2 | E14: 0.2 | F14: 0.3 | G14: 0.3
C16: ='Orçamento- Joaquim'!I32 -> 299060.38 | D16: =D14*$C16 -> 59812.076 | E16: =E14*$C16 -> 59812.076 | F16: =F14*$C16 -> 89718.114 | G16: =G14*$C16 -> 89718.114 | H16: =H14*$C16 -> 0 | I16: =I14*$C16 -> 0 | J16: =J14*$C16 -> 0 | K16: =K14*$C16 -> 0
A17: 4 | B17: ='Orçamento- Joaquim'!B56 -> ALVENARIA | C17: =C19/$C$48 -> 0.074817397 | F17: 0.4 | G17: 0.6
C19: ='Orçamento- Joaquim'!I56 -> 76218.27 | F19: =F17*$C19 -> 30487.308 | G19: =G17*$C19 -> 45730.962 | H19: =H17*$C19 -> 0 | I19: =I17*$C19 -> 0 | J19: =J17*$C19 -> 0 | K19: =K17*$C19 -> 0
A20: 5 | B20: ='Orçamento- Joaquim'!B61 -> COBERTURA | C20: =C22/$C$48 -> 0.28262118 | H20: 0.5 | I20: 0.5
C22: ='Orçamento- Joaquim'!I61 -> 287912.95 | F22: =F20*$C22 -> 0 | G22: =G20*$C22 -> 0 | H22: =H20*$C22 -> 143956.48 | I22: =I20*$C22 -> 143956.48
A23: 6 | B23: ='Orçamento- Joaquim'!B67 -> REVESTIMENTOS | C23: =C25/$C$48 -> 0.080255445 | H23: 0.4 | I23: 0.4 | J23: 0.2
C25: ='Orçamento- Joaquim'!I67 -> 81758.14 | D25: =D23*$C25 -> 0 | F25: =F23*$C25 -> 0 | G25: =G23*$C25 -> 0 | H25: =H23*$C25 -> 32703.256 | I25: =I23*$C25 -> 32703.256 | J25: =J23*$C25 -> 16351.628 | K25: =K23*$C25 -> 0
A26: 7 | B26: ='Orçamento- Joaquim'!B85 -> MARCENARIA | C26: =C28/$C$48 -> 0.014750189 | H26: 1
C28: ='Orçamento- Joaquim'!I85 -> 15026.37 | D28: =D26*$C28 -> 0 | E28: =E26*$C28 -> 0 | F28: =F26*$C28 -> 0 | G28: =G26*$C28 -> 0 | H28: =H26*$C28 -> 15026.37
A29: 8 | B29: ='Orçamento- Joaquim'!B88 -> SERRALHERIA | C29: =C31/$C$48 -> 0.040930609 | H29: 0.6 | I29: 0.4
C31: ='Orçamento- Joaquim'!I88 -> 41696.99 | D31: =D29*$C31 -> 0 | F31: =F29*$C31 -> 0 | G31: =G29*$C31 -> 0 | H31: =H29*$C31 -> 25018.194 | I31: =I29*$C31 -> 16678.796 | J31: =J29*$C31 -> 0 | K31: =K29*$C31 -> 0
A32: 9 | B32: ='Orçamento- Joaquim'!B94 -> COMPONENTES | C32: =C34/$C$48 -> 0.021234252 | J32: 1
C34: ='Orçamento- Joaquim'!I94 -> 21631.84 | D34: =D32*$C34 -> 0 | F34: =F32*$C34 -> 0 | G34: =G32*$C34 -> 0 | H34: =H32*$C34 -> 0 | I34: =I32*$C34 -> 0 | J34: =J32*$C34 -> 21631.84 | K34: =K32*$C34 -> 0
A35: 10 | B35: ='Orçamento- Joaquim'!B101 -> HIDRÁULICA | C35: =C37/$C$48 -> 0.020133512 | D35: 0.3 | E35: 0.3 | F35: 0.2 | G35: 0.2
C37: ='Orçamento- Joaquim'!I101 -> 20510.49 | D37: =D35*$C37 -> 6153.147 | E37: =E35*$C37 -> 6153.147 | F37: =F35*$C37 -> 4102.098 | G37: =G35*$C37 -> 4102.098
A38: 11 | B38: ='Orçamento- Joaquim'!B119 -> ELÉTRICA | C38: =C40/$C$48 -> 0.035701891 | G38: 0.5 | H38: 0.3 | I38: 0.2
C40: ='Orçamento- Joaquim'!I119 -> 36370.37 | E40: =E38*$C40 -> 0 | F40: =F38*$C40 -> 0 | G40: =G38*$C40 -> 18185.185 | H40: =H38*$C40 -> 10911.111 | I40: =I38*$C40 -> 7274.074 | J40: =J38*$C40 -> 0 | K40: =K38*$C40 -> 0
A41: 12 | B41: ='Orçamento- Joaquim'!B137 -> ACABAMENTO E PINTURA | C41: =C43/$C$48 -> 0.053529646 | I41: 0.5 | J41: 0.3 | K41: 0.2
C43: ='Orçamento- Joaquim'!I137 -> 54531.93 | D43: =D41*$C43 -> 0 | E43: =E41*$C43 -> 0 | F43: =F41*$C43 -> 0 | G43: =G41*$C43 -> 0 | H43: =H41*$C43 -> 0 | I43: =I41*$C43 -> 27265.965 | J43: =J41*$C43 -> 16359.579 | K43: =K41*$C43 -> 10906.386
A44: 13 | B44: ='Orçamento- Joaquim'!B142 -> SERVIÇOS COMPLEMENTARES | C44: =C46/$C$48 -> 0.019949576 | J44: 0.6 | K44: 0.4
C46: ='Orçamento- Joaquim'!I142 -> 20323.11 | D46: =D44*$C46 -> 0 | E46: =E44*$C46 -> 0 | F46: =F44*$C46 -> 0 | G46: =G44*$C46 -> 0 | H46: =H44*$C46 -> 0 | I46: =I44*$C46 -> 0 | J46: =J44*$C46 -> 12193.866 | K46: =K44*$C46 -> 8129.244
A48: TOTAL GERAL: | C48: ='Orçamento- Joaquim'!I147 -> 1018723.9
A49: DESEMBOLSO TOTAL DO MÊS (R$): | C49: MENSAL | D49: =D34+D31+D28+D25+D22+D19+D16+D13+D10+D40+D43+D46+D37 -> 86556.99 | E49: =E34+E31+E28+E25+E22+E19+E16+E13+E10+E40+E43+E46+E37 -> 72121.122 | F49: =F34+F31+F28+F25+F22+F19+F16+F13+F10+F40+F43+F46+F37 -> 130463.42 | G49: =G34+G31+G28+G25+G22+G19+G16+G13+G10+G40+G43+G46+G37 -> 163892.26 | H49: =H34+H31+H28+H25+H22+H19+H16+H13+H10+H40+H43+H46+H37 -> 233771.3 | I49: =I34+I31+I28+I25+I22+I19+I16+I13+I10+I40+I43+I46+I37 -> 234034.46 | J49: =J34+J31+J28+J25+J22+J19+J16+J13+J10+J40+J43+J46+J37 -> 72692.812 | K49: =K34+K31+K28+K25+K22+K19+K16+K13+K10+K40+K43+K46+K37 -> 25191.529
C50: ACUM. | D50: =D49 -> 86556.99 | E50: =E49+D50 -> 158678.11 | F50: =F49+E50 -> 289141.53 | G50: =G49+F50 -> 453033.79 | H50: =H49+G50 -> 686805.09 | I50: =I49+H50 -> 920839.56 | J50: =J49+I50 -> 993532.37 | K50: =K49+J50 -> 1018723.9
A51: PERCENTUAL: | C51: MENSAL | D51: =D49/$C$48 -> 0.084966093 | E51: =E49/$C$48 -> 0.070795553 | F51: =F49/$C$48 -> 0.12806553 | G51: =G49/$C$48 -> 0.16087996 | H51: =H49/$C$48 -> 0.22947464 | I51: =I49/$C$48 -> 0.22973297 | J51: =J49/$C$48 -> 0.071356736 | K51: =K49/$C$48 -> 0.024728515
C52: ACUM. | D52: =D51 -> 0.084966093 | E52: =D52+E51 -> 0.15576165 | F52: =E52+F51 -> 0.28382718 | G52: =F52+G51 -> 0.44470714 | H52: =G52+H51 -> 0.67418178 | I52: =H52+I51 -> 0.90391475 | J52: =I52+J51 -> 0.97527149 | K52: =J52+K51 -> 1
A54: Itatiba, 05 de Outubro de 2026
A55: Departamento de Obras Escolares
A56: Secretaria de Educação

Sheet BDI
A1: DECOMPOSIÇÃO DE BDI
A2: ='Orçamento- Joaquim'!D1 -> OBJETO: CONTRATAÇÃO DE EMPRESA ESPECIALIZADA EM MÃO DE OBRA, COM FORNECIMENTO DE MATERIAIS, PARA REFORMA E AMPLIAÇÃO DE PRÉDIOS PÚBLICOS
A5: Conforme legislação tributária municipal, definir estimativa de percentual da base de cálculo para o ISS: | E5: 0.5
A6: Sobre a base de cálculo, definir a respectiva alíquota do ISS (entre 2% e 5%): | E6: 0.05
B8: DETALHAMENTO DO BDI
B10: Item | C10: Descrição dos Serviços | D10: Siglas | E10: %
E11: SEM DESONERAÇÃO
B12: 1.1 | C12: Administração Central | D12: AC | E12: 0.0425
B13: 1.2 | C13: Seguro e Garantias | D13: SG | E13: 0.009
B14: 1.3 | C14: Risco | D14: R | E14: 0.0117
B15: 1.4 | C15: Despesas Financeiras | D15: DF | E15: 0.0119
B16: 1.5 | C16: Lucro | D16: L | E16: 0.073
B17: 1.6 | C17: Tributos (Impostos COFINS 3% e PIS 0,65%) | D17: CP | E17: 0.0365
B18: 1.7 | C18: Tributos (ISS) | D18: ISS | E18: 0.025
B19: 1.8 | C19: Tributos (Contribuição Previdenciária de Receita Bruta) | D19: CPRB | E19: 0
B20: 1.9 | C20: BDI CALCULADO | E20: =(((1+E12+E13+E14)*(1+E15)*(1+E16))/(1-E17-E18-E19))-1 -> 0.23003653
A23: BDI CALCULADO CONFORME ACÓRDÃO Nº 2369/2011 – TCU
A25: ='Cronograma - Joaquim'!A54 -> Itatiba, 05 de Outubro de 2026
